 Seeded DCSS version 0.30.0-29-ga12c61a403 (webtiles) character file.

Game seed: 7229806256980976716 (custom seed)

2 OTABOTABOTAB the Skirmisher (level 1, 20/20 HPs)
             Began as a Gnoll Hunter on June 25, 2023.
             Quit the game on level 1 of the Dungeon.
             The game lasted 00:01:05 (88 turns).

OTABOTABOTAB the Skirmisher (Gnoll Hunter)            Turns: 88, Time: 00:01:05

Health: 20/20      AC:  7    Str: 10    XL:     1   Next: 40%
Magic:  0/1        EV: 13    Int:  8    God:
Gold:   977        SH:  0    Dex: 15    Spells: 0/0 levels left

rFire   . . .        a - +5 hand crossbow (heavy)
rCold   . . .        (no shield)
rNeg    . . .        c - +0 leather armour
rPois   .            (no helmet)
rElec   .            (no cloak)
rCorr   .            f - +3 Mad Mage's Maulers {Infuse+∞ VampMP -Cast}
SInv    .            (no boots)
Will    .....        (no amulet)
Stlth   ++           (no ring)
HPRegen 0.23/turn    (no ring)
MPRegen 0.07/turn

%: no spellcasting
@: no status effects
A: fangs 1, strong nose, distributed training
a: no special abilities


You were on level 1 of the Dungeon.
You visited 1 branch of the dungeon, and saw 1 of its levels.

You collected 977 gold pieces.

Inventory:

Hand Weapons
 a - a +5 heavy hand crossbow (weapon)
   (You acquired it on level 1 of the Dungeon)
Missiles
 s - 3 stones
Armour
 c - a +0 leather armour (worn)
 f - the +3 Mad Mage's Maulers (worn) {Infuse+∞ VampMP -Cast}
   (You acquired it on level 1 of the Dungeon)

   Infuse+∞: It empowers its wearer's blows with all of their magic.
   VampMP:    Blows struck in melee replenish the wearer's magic.
   -Cast:     It prevents spellcasting.
Scrolls
 b - a scroll of amnesia
 e - a scroll of teleportation {unknown}
 K - a scroll of immolation {!r}


   Skills:
 + Level 4.4 Fighting
 + Level 0.0 Short Blades
 + Level 0.0 Long Blades
 + Level 0.0 Axes
 + Level 0.0 Maces & Flails
 + Level 0.0 Polearms
 + Level 0.0 Staves
 + Level 8.4 Ranged Weapons
 + Level 0.0 Throwing
 + Level 0.0 Armour
 + Level 4.4 Dodging
 + Level 2.1 Stealth
 + Level 0.0 Shields
 + Level 0.0 Unarmed Combat
 + Level 0.0 Spellcasting
 + Level 0.0 Conjurations
 + Level 0.0 Hexes
 + Level 0.0 Summonings
 + Level 0.0 Necromancy
 + Level 0.0 Translocations
 + Level 0.0 Transmutations
 + Level 0.0 Fire Magic
 + Level 0.0 Ice Magic
 + Level 0.0 Air Magic
 + Level 0.0 Earth Magic
 + Level 0.0 Poison Magic
 + Level 0.1 Invocations
 + Level 0.0 Evocations


You couldn't memorise any spells.
You didn't know any spells.
Your spell library was empty.

Dungeon Overview and Level Annotations

Branches:
Dungeon (1/15)

Altars:


Innate Abilities, Weirdness & Mutations

You have very sharp teeth.
Your uncanny sense of smell can sniff out nearby items.
Your experience applies equally to all skills.


Message History

Bad channel name 'Jiyva says' for runrest: 'Jiyva says: Divide and consume' Welcome, OTABOTABOTAB the Gnoll Hunter.
Game seed: 7229806256980976716 (custom seed)
Found a faded altar of an unknown god.
Found two stairs.
You open the door.
There is an open door here.
You now have 17 gold pieces.
b - 2 scrolls labelled FUSKUR VIKLOEP A quokka comes into view.
As you read the scroll labelled FUSKUR VIKLOEP, it crumbles to dust.
It is a scroll of amnesia.
You feel forgetful for a moment.
A quokka is nearby!
You shoot an arrow. The arrow hits the quokka!
You kill the quokka!
No target in view!
d - 3 scrolls labelled RAGIOR NADERHA No target in view!
s - 3 stones
e - a scroll labelled WUBBUN RUOS This is a scroll of acquirement!
Something appears at your feet! Something appears at your feet!
Something appears at your feet!
d - a +5 heavy hand crossbow
f - the +3 Mad Mage's Maulers {Infuse+∞ VampMP -Cast} You now have 977 gold pieces (gained 960).
Adjust to which letter? (? for menu, Esc to quit)
a - a +5 heavy hand crossbow;
d - a +0 shortbow (weapon)
You are now empty-handed.
You drop a +0 shortbow.
You start putting on your armour.
You continue putting on the +3 Mad Mage's Maulers {Infuse+∞ VampMP -Cast}. x4
You finish putting on the +3 Mad Mage's Maulers {Infuse+∞ VampMP -Cast}.
You feel an incredible surge of magic.
a - a +5 heavy hand crossbow (weapon)
You are now empty-handed.
a - a +5 heavy hand crossbow (weapon)
You are now empty-handed.
Nothing quivered!
A giant cockroach comes into view.
A giant cockroach is nearby!
You closely miss the giant cockroach. The giant cockroach barely misses you.
You hit the giant cockroach but do no damage.
The giant cockroach bites you but does no damage.
You now have 0/1 mp.
You completely miss the giant cockroach.
The giant cockroach waves its antennae.
The giant cockroach closely misses you. x2
Unknown command.
You hit the giant cockroach but do no damage.
The giant cockroach closely misses you.
Unknown command.
a - a +5 heavy hand crossbow (weapon)
You shoot a bolt. The bolt hits the giant cockroach!
You kill the giant cockroach!

###### ##♣..>
##.... ##♣.⌠_
#####⌠ ##### #
#...############
.......@.......#
.###.#########)#
### #.# #.. ∆
#.# #.#
#.#######.#
#.........#
###########


There were no monsters in sight!

Vanquished Creatures
  A giant cockroach (D:1)
  A quokka (D:1)
2 creatures vanquished.

Notes
Turn   | Place    | Note
-------+----------+-------------------------------------------
     0 | D:1      | OTABOTABOTAB the Gnoll Hunter began the quest for the Orb.
     0 | D:1      | Reached XP level 1. HP: 20/20 MP: 1/1
    59 | D:1      | Identified 3 scrolls of acquirement
    59 | D:1      | Acquired a +5 heavy hand crossbow
    60 | D:1      | Acquired the +3 Mad Mage's Maulers {Infuse+∞ VampMP -Cast}
    60 | D:1      | Found the +3 Mad Mage's Maulers {Infuse+∞ VampMP -Cast}
    61 | D:1      | Acquired 960 gold pieces
    88 | D:1      | Quit the game

Illustrated notes

Levels and vault maps discovered:
D:1:      spicycebolla_arrival_ecumenical, layout_loops_ring

Action                     || total
---------------------------++-------
  Melee: Unarmed           ||     4
   Fire: Shortbow          ||     1
         Hand crossbow     ||     1
    Use: Scroll            ||     4
 Armour: Leather armour    ||     1
  Dodge: Dodged            ||     4

Levels and vault maps discovered:
D:1:      spicycebolla_arrival_ecumenical, layout_loops_ring

Table legend: (Time is in decaauts)
 A = Elapsed time spent in this place.
 B = Non-inter-level travel time spent in this place.
 C = Inter-level travel time spent in this place.
 D = Time resting spent in this place.
 E = Time spent auto-exploring this place.
 F = Levels seen in this place.
 G = Mean time per level.
                   A        B        C        D        E       F      G
               +--------+--------+--------+--------+--------+-----+--------+
         Total |     86 |     86 |      0 |      0 |     55 |   1 |   86.0 |
       Dungeon |     86 |     86 |      0 |      0 |     55 |   1 |   86.0 |
               +--------+--------+--------+--------+--------+-----+--------+

Top non-repeatable levels by time:
     D:1: 86 daAuts

Table legend:
 A = Kills in this place as a percentage of kills in the entire game.
 B = Kills by you in this place as a percentage of kills by you in the entire game.
 C = Kills by friends in this place as a percentage of kills by friends in the entire game.
 D = Other kills in this place as a percentage of other kills in the entire game.
 E = Experience gained in this place as a percentage of experience gained in the entire game.
 F = Experience gained in this place divided by the number of levels of this place that you have seen.
                   A       B       C       D       E      F
               +-------+-------+-------+-------+-------+----------------------
         Total | 100.0 | 100.0 |   N/A |   N/A | 100.0 |   4.0
       Dungeon | 100.0 | 100.0 |   N/A |   N/A | 100.0 |   4.0
               +-------+-------+-------+-------+-------+----------------------
